 Dungeon Crawl Stone Soup version 0.29-a0-319-gad05b8d819 (webtiles) character file.

Game seed: 17831670221914100934

55205 EnegeticOcto the Severer (level 14, -8/121 HPs)
             Began as a Mayflytaur Fighter on Apr 1, 2022.
             Was a High Priest of Cheibriados.
             Mangled by Arachne
             ... wielding a staff of poison
              (17 damage)
             ... on level 4 of the Spider Nest.
             The game lasted 00:14:26 (9108 turns).

EnegeticOcto the Severer (Mayflytaur Fighter)       Turns: 9108, Time: 00:14:27

Health: -8/121     AC: 24    Str: 34    XL:     14   Next: 76%
Magic:  16/25      EV:  8    Int: 30    God:    Cheibriados [*****.]
Gold:   1015       SH:  0    Dex: 27    Spells: 13/13 levels left

rFire   + . .      SeeInvis .   l - +1 broad axe
rCold   + . .      Faith    .   L - +0 kite shield {rF+}
rNeg    + . .      Spirit   .   s - +0 plate armour
rPois   .          Reflect  .   r - +0 helmet
rElec   .          Harm     .   y - +0 cloak
rCorr   +          Rampage  .   c - +0 pair of gloves
Will    ++...                   h - -1 pair of boots "Jeitahu" {Int+4 Slay+5}
Stlth   ..........              (no amulet)
HPRegen 1.10/turn               O - +4 ring of protection
MPRegen 0.38/turn               I - ring of Demons {rC+ rCorr Int+4 Stlth-}

@: lethally poisoned (-8 -> -8), flying, held, slowed, very slow
A: damage resistance, big wings, negative energy resistance 1, sense
surroundings 2, regeneration 1, magic regeneration, short lifespan, frail 1,
high MP 1, strong-willed 1
a: Renounce Religion, Bend Time, Temporal Distortion, Slouch, Step From Time


You were on level 4 of the Spider Nest.
You worshipped Cheibriados.
Cheibriados was extremely pleased with you.
You visited 4 branches of the dungeon, and saw 23 of its levels.
You also visited: Sewer, Ossuary and Volcano.

You collected 1015 gold pieces.

Inventory:

Hand Weapons
 a - a +0 war axe
 l - a +1 broad axe (weapon)
   (You found it on level 5 of the Lair of Beasts)
 x - a +1 long sword of distortion
   (You took it off a wight on level 7 of the Dungeon)
 M - a +1 battleaxe of flaming
   (You found it in a volcano)
Missiles
 w - a curare-tipped dart (quivered)
Armour
 c - a +0 pair of gloves (worn)
   (You found it on level 5 of the Lair of Beasts)
 h - the -1 pair of boots "Jeitahu" (worn) {Int+4 Slay+5}
   (You acquired it on level 6 of the Dungeon)

   Int:       It affects your intelligence (+4).
   Slay:      It affects your accuracy & damage with ranged weapons and melee
   (+5).
 r - a +0 helmet (worn)
   (You found it on level 4 of the Lair of Beasts)
 s - a +0 plate armour (worn)
   (You found it on level 6 of the Dungeon)
 y - a +0 cloak (worn)
   (You found it on level 2 of the Spider Nest)
 K - a +0 chain mail of fire resistance
   (You took it off a hell knight in a volcano)
 L - a +0 kite shield of fire resistance (worn)
   (You found it in a volcano)
Jewellery
 k - a ring of protection from fire
   (You found it on level 4 of the Dungeon)
 t - an amulet of faith
   (You found it on level 6 of the Dungeon)
 F - a ring of see invisible
   (You found it on level 9 of the Dungeon)
 I - the ring of Demons (right hand) {rC+ rCorr Int+4 Stlth-}
   (You took it off a death knight on level 10 of the Dungeon)

   [ring of resist corrosion]

   Int:       It affects your intelligence (+4).
   rC:        It protects you from cold.
   rCorr:     It protects you from acid and corrosion.
   Stlth:     It makes you less stealthy.
 O - a +4 ring of protection (left hand)
   (You found it on level 2 of the Lair of Beasts)
Wands
 b - a wand of flame (1) {@v4}
   (You found it on level 2 of the Lair of Beasts)
 j - a wand of charming (12)
   (You found it on level 6 of the Lair of Beasts)
 C - a wand of polymorph (11)
   (You found it on level 8 of the Dungeon)
 D - a wand of mindburst (8)
   (You found it on level 8 of the Dungeon)
 G - a wand of paralysis (5)
   (You found it on level 10 of the Dungeon)
Scrolls
 e - 11 scrolls of teleportation {@r3 !r}
 f - a scroll of holy word
 g - a scroll of immolation
 o - 4 scrolls of fog {!r}
 p - 4 scrolls of fear {!r}
 E - a scroll of magic mapping {@r5 !r}
 N - a scroll of amnesia
Potions
 d - 4 potions of might {@q3 !q}
 i - 6 potions of brilliance
 m - 7 potions of curing {@q1 !q}
 n - 6 potions of heal wounds {@q2 !q}
 q - 2 potions of attraction
 u - 6 potions of ambrosia
 v - a potion of lignification {unknown}
 z - a potion of berserk rage
 B - 2 potions of mutation
 J - 2 potions of magic {unknown}


   Skills:
 + Level 11.5 Fighting
 * Level 15.5 Axes
 + Level 11.6 Armour
 + Level 10.2 Dodging
 + Level 10.2 Shields
 + Level 11.2 Invocations
 + Level 3.4 Evocations


You had 13 spell levels left.
You didn't know any spells.
Your spell library contained the following spells:

 Spells                   Type           Power      Damage    Failure   Level
 Freeze                   Ice            0%         1d3       75%         1
 Summon Small Mammal      Summ           0%         N/A       75%         1
 Ensorcelled Hibernation  Hex/Ice        0%         N/A       86%         2
 Frozen Ramparts          Ice            0%         1d2       98%         3
 Ozocubu's Armour         Ice            0%         N/A       98%         3
 Spider Form              Tmut/Pois      0%         N/A       98%         3
 Anguish                  Hex/Necr       0%         N/A       100%        4
 Animate Armour           Summ/Erth      0%         N/A       100%        4
 Hailstorm                Conj/Ice       0%         3d3       100%        4
 Ice Form                 Ice/Tmut       0%         N/A       100%        4
 Blade Hands              Tmut           0%         N/A       100%        5
 Irradiate                Conj/Tmut      0%         3d13      100%        5
 Metabolic Englaciation   Hex/Ice        0%         N/A       100%        5
 Simulacrum               Ice/Necr       0%         N/A       100%        6
 Dragon Form              Tmut           0%         N/A       100%        7
 Malign Gateway           Summ/Tloc      0%         N/A       100%        7
 Maxwell's Capacitive Co  Air            0%         ∞         100%        8


Dungeon Overview and Level Annotations

Branches:
Dungeon (12/15)            Temple (1/1) D:4            Lair (6/6) D:10
 Shoals (0/4) Lair:2       Spider (4/4) Lair:4        Sewer (visited)
Ossuary (visited)         Volcano (visited)
  Slime: Lair:5-6       Orc: D:9-12

Altars:
Ashenzari
Cheibriados
Elyvilon
Fedhas
Gozag
Hepliaklqana
Kikubaaqudgha
Makhleb
Nemelex Xobeh
Okawaru
Qazlal
Sif Muna
Uskayaw
Vehumet
Wu Jian
Xom
The Shining One

Annotations:
Spider:4 Arachne


Innate Abilities, Weirdness & Mutations

You are resistant to damage.
Your large and strong wings let you fly.
You resist negative energy. (rN+)
You passively map the area around you.
Your natural rate of healing is unusually fast.
You regenerate magic rapidly.
You are easily found by Zot.
You are frail. (-10% HP)
You have an increased reservoir of magic. (+10% MP)
You are strong-willed. (Will+)


Message History

The bolt of negative energy hits you! You partially resist.
You feel drained.
Your life force feels restored.
Activating: Slouch (1% risk of failure)
Press: ? - help, Dir - look around, f - activate You can feel time thicken for a moment.
You kill the jorogumo!
Cheibriados appreciates the change of pace.
You kill the wolf spider!
Cheibriados thoroughly appreciates the change of pace.
Cheibriados lowers the support of your attributes as your movement quickens.
Being near the torpor snail leaves you feeling lethargic.
Found a stone staircase leading down.
The radroach erupts in a fountain of uncontrolled magic!
You are blasted with magical radiation!!
* * * LOW HITPOINT WARNING * * *
You are very lightly contaminated with residual magic.
The radroach barely misses you. The radroach misses you.
Activating: Slouch (1% risk of failure)
Press: ? - help, Dir - look around, f - activate You can feel time thicken for a moment.
You kill the radroach!
Cheibriados thoroughly appreciates the change of pace.
Cheibriados lowers the support of your attributes as your movement quickens.
The torpor snail bites you!
* * * LOW HITPOINT WARNING * * *
You hit the torpor snail.
The torpor snail is severely wounded.
The torpor snail barely misses you.
You hit the torpor snail.
The torpor snail is severely wounded.
You block the torpor snail's attack.
You slash the torpor snail!
The torpor snail is almost dead.
The torpor snail bites you.
* * * LOW HITPOINT WARNING * * *
You hit the torpor snail.
You kill the torpor snail!
Cheibriados thoroughly appreciates the change of pace.
You feel yourself speed up.
You start resting.
Your magical contamination has completely faded away.
You start resting.
Magic restored.
HP restored.
There is a stone staircase leading down here.
You fly downwards.
The orb spider begins to weave its threads into a brightly glowing ball.
There is a stone staircase leading up here.
The orb spider weaves a glowing orb of energy.
You block the orb of destruction.
The orb spider weaves a glowing orb of energy.
An orb of destruction comes into view.
You slice the orb spider!!
The orb spider is heavily wounded.
The orb of destruction hits you!!!
The orb spider begins to weave its threads into a brightly glowing ball.
The orb spider weaves a glowing orb of energy.
An orb of destruction comes into view.
The orb spider pulsates with a strange energy.
The orb of destruction hits a stone wall.
The orb spider spins a strand of pure energy.
You reach down and open the gate.
A sun moth, a jumping spider, a torpor snail and Arachne come into view.
Arachne is wielding a staff of poison.
The jumping spider hisses angrily.
Arachne shouts!
You hear an angry hiss.
Arachne's staff shoots out a stream of webbing.
The stream of webbing hits you but does no damage.
You are caught in a web!
The orb spider weaves a glowing orb of energy.
Being near the torpor snail leaves you feeling lethargic.
Arachne stares at you and mumbles some strange words.
The bolt of poison hits you!!!
You are poisoned.
You hear an angry hiss.
An orb of destruction comes into view.
Activating: Slouch (1% risk of failure)
Press: ? - help, Dir - look around, f - activate You can feel time thicken for a moment.
You kill the orb spider!
Cheibriados appreciates the change of pace.
You kill the jumping spider!
Cheibriados thoroughly appreciates the change of pace.
Cheibriados lowers the support of your attributes as your movement quickens.
A jumping spider comes into view.
The orb of destruction hits you!!!
* * * LOW HITPOINT WARNING * * *
You hear an angry hiss. x2; You hear a chilling moan.
Activating: Slouch (1% risk of failure)
Press: ? - help, Dir - look around, f - activate You can feel time thicken for a moment.
You kill the orb spider!
Cheibriados appreciates the change of pace.
You kill the jumping spider!
Cheibriados thoroughly appreciates the change of pace.
Cheibriados raises the support of your attributes as your movement slows.
Cheibriados lowers the support of your attributes as your movement quickens.
Arachne hits you with a staff of poison!
* * * LOW HITPOINT WARNING * * *
Arachne envenoms you!!
You die...

* *, , , * ,
*,....... ##... ,,
, ,,
,^......#*.... , *
* ,
,.......##...## ,
* ......#....#. ,
,.....'†..... ,,,,
#..○w.y...^ , ,, ,
###..○H..^.^. ^,
*, , , ,,##.†..@#,
,,* ,, * #.....##
, * , , , ,
##.....#* ,
,,#......# ,, * *
#####....<.#,
#...#####..#, *,,
#..#.^...^## , , *
##...^.....##^ ,
##*##...........##
,,,


You could see Arachne, a sun moth and a torpor snail.

Vanquished Creatures
  A broodmother (Spider:1)
  2 entropy weavers
  The ghost of Tousas the Cleaver, a journeyman DDFi of Makhleb (Lair:3)
  3 hydras
  2 boulder beetles
  An anaconda (Lair:6)
  2 two-headed ogres
  A centaur warrior (Volcano)
  A jorogumo (Spider:3)
  4 radroaches
  A death knight (D:10)
  A hell knight (Volcano)
  A pharaoh ant (Spider:2)
  5 orb spiders
  A lindwurm (Lair:5)
  An orc knight (D:10)
  3 steelbarb worms
  A deep elf pyromancer (D:10)
  8 wolf spiders
  3 cyclopes
  A manticore (Lair:2)
  3 elephants (Lair:5)
  2 black mambas (Lair:5)
  3 torpor snails
  4 cane toads
  6 komodo dragons
  2 demonic crawlers (Spider:2)
  A yaktaur (Volcano)
  2 trolls (D:10)
  3 meliai (D:12)
  10 polar bears
  2 queen bees
  A wind drake (Lair:2)
  6 tarantellas
  A hornet (Lair:3)
  A raiju (Lair:6)
  17 jumping spiders
  5 culicivoras
  32 yaks
  2 shadows
  A wyvern (D:9)
  8 redbacks
  6 wargs (Lair:6)
  3 acid dragons
  14 hell hounds (Lair:6)
  An ice beast (D:7)
  6 water moccasins
  4 orc warriors
  13 black bears
  22 wolves
  7 centaurs
  2 phantoms
  2 necrophages
  5 elf zombies (Ossuary)
  4 kobold brigands
  5 bullfrogs
  A gnoll sergeant (D:10)
  2 scorpions
  9 wights
  31 killer bees
  2 electric eels
  4 howler monkeys
  4 centaur zombies (Ossuary)
  3 jellies
  4 gnoll shamans
  3 human zombies (Ossuary)
  10 orc priests
  A hound (D:5)
  Natasha (D:3)
  An iguana (D:6)
  7 orc wizards
  A hound skeleton (D:6)
  4 mummies
  14 gnolls
  5 adders
  2 river rats (Sewer)
  A shadow imp (D:7)
  2 white imps (D:6)
  2 worms
  36 orcs
  3 ball pythons
  4 endoplasms
  5 giant cockroaches
  2 goblins
  4 hobgoblins
  4 jackals (D:3)
  9 kobolds
  5 bats (D:2)
  A frilled lizard (D:2)
  4 rats
441 creatures vanquished.

Vanquished Creatures (collateral kills)
  An orb spider (Spider:2)
1 creature vanquished.

Vanquished Creatures (others)
  A boulder beetle (Spider:4)
  A butterfly (D:7)
  4 fungi (Lair:5)
  21 plants
27 creatures vanquished.

Grand Total: 469 creatures vanquished

Notes
Turn   | Place    | Note
-------+----------+-------------------------------------------
     0 | D:1      | EnegeticOcto the Mayflytaur Fighter began the quest for the
                  | Orb.
     0 | D:1      | Reached XP level 1. HP: 21/21 MP: 2/2
    99 | D:1      | Glimpsed the power of Zot.
   147 | D:2      | Reached XP level 2. HP: 28/28 MP: 3/3
   189 | D:2      | Glimpsed the power of Zot.
   464 | D:3      | Reached XP level 3. HP: 34/34 MP: 4/4
   475 | D:3      | Reached skill level 3 in Axes
   517 | D:3      | Found a glowing golden altar of the Shining One.
   526 | D:3      | Found an ornate altar of the Wu Jian Council.
   555 | D:3      | Noticed Natasha
   568 | D:3      | Killed Natasha
   569 | D:3      | Reached XP level 4. HP: 43/44 MP: 5/5
   610 | D:4      | Noticed a phantom
   617 | D:4      | Killed a phantom
   618 | D:4      | Reached skill level 4 in Fighting
   618 | D:4      | Reached skill level 4 in Axes
   618 | D:4      | Reached skill level 4 in Armour
   618 | D:4      | Reached skill level 4 in Shields
   618 | D:4      | Reached XP level 5. HP: 50/50 MP: 6/6
   951 | D:4      | Found a sparkling altar of Nemelex Xobeh.
  1089 | D:4      | Gained mutation: You regenerate magic rapidly. [Mayflytaur
                  | growth]
  1089 | D:4      | Reached XP level 6. HP: 53/57 MP: 7/7
  1343 | D:4      | Glimpsed the power of Zot.
  1374 | D:4      | Found a staircase to the Ecumenical Temple.
  1379 | Temple   | Entered the Ecumenical Temple
  1423 | Temple   | Became a worshipper of Cheibriados the Contemplative
  1722 | D:5      | Entered Level 5 of the Dungeon
  1737 | D:5      | Reached skill level 5 in Axes
  1780 | D:5      | Found a glowing drain.
  1799 | Sewer    | Entered a sewer
  1880 | Sewer    | Reached XP level 7. HP: 52/66 MP: 8/8
  1903 | Sewer    | Found a white marble altar of Elyvilon.
  1955 | D:5      | Reached skill level 5 in Armour
  1955 | D:5      | Reached skill level 5 in Shields
  1967 | D:5      | Reached skill level 5 in Fighting
  1994 | D:5      | Reached skill level 6 in Axes
  2464 | D:6      | Identified a scroll of acquirement
  2468 | D:6      | Acquired the -1 pair of boots "Jeitahu" {Int+4 Slay+5}
  2584 | D:6      | Reached * piety under Cheibriados
  2599 | D:6      | Reached XP level 8. HP: 70/74 MP: 9/9
  2802 | D:6      | Reached skill level 1 in Invocations
  2881 | D:6      | Found a burning altar of Makhleb.
  2896 | D:6      | Reached skill level 1 in Dodging
  3150 | D:7      | Reached skill level 7 in Axes
  3150 | D:7      | Reached skill level 2 in Invocations
  3167 | D:7      | Found an iron altar of Okawaru.
  3169 | D:7      | Reached ** piety under Cheibriados
  3223 | D:7      | Reached skill level 2 in Dodging
  3322 | D:7      | Found a shimmering altar of Xom.
  3369 | D:7      | Reached skill level 6 in Fighting
  3369 | D:7      | Reached skill level 6 in Armour
  3369 | D:7      | Reached skill level 6 in Shields
  3416 | D:7      | Gained mutation: You passively map the area around you.
                  | [Mayflytaur growth]
  3416 | D:7      | Reached XP level 9. HP: 55/82 MP: 12/12
  3434 | D:7      | Reached skill level 3 in Invocations
  3500 | D:7      | Found a white marble altar of Elyvilon.
  3533 | D:7      | Reached *** piety under Cheibriados
  3534 | D:7      | Reached skill level 8 in Axes
  3534 | D:7      | Reached skill level 3 in Dodging
  3913 | D:8      | Found a sand-covered staircase.
  3922 | Ossuary  | Entered an ossuary
  3951 | Ossuary  | Reached skill level 4 in Invocations
  4232 | D:8      | Noticed a two-headed ogre
  4240 | D:8      | Killed a two-headed ogre
  4241 | D:8      | Reached skill level 7 in Fighting
  4241 | D:8      | Reached skill level 9 in Axes
  4241 | D:8      | Reached skill level 7 in Armour
  4241 | D:8      | Reached skill level 4 in Dodging
  4241 | D:8      | Reached skill level 7 in Shields
  4241 | D:8      | Reached skill level 5 in Invocations
  4241 | D:8      | Reached XP level 10. HP: 59/94 MP: 14/14
  4299 | D:8      | Reached **** piety under Cheibriados
  4717 | D:9      | You are sucked into a shaft and drop 3 floors!
  4736 | D:12     | Reached ***** piety under Cheibriados
  4737 | D:12     | Reached skill level 10 in Axes
  4737 | D:12     | Reached skill level 5 in Dodging
  4759 | D:12     | Reached skill level 6 in Invocations
  4797 | D:12     | Noticed a four-headed hydra
  4802 | D:12     | Killed a four-headed hydra
  4803 | D:12     | Reached skill level 8 in Shields
  4803 | D:12     | Reached XP level 11. HP: 37/103 MP: 16/16
  4819 | D:11     | Noticed a cyclops
  4828 | D:11     | Killed a cyclops
  4829 | D:11     | Reached skill level 8 in Fighting
  4829 | D:11     | Reached skill level 8 in Armour
  4862 | D:10     | Entered Level 10 of the Dungeon
  4862 | D:10     | Noticed a two-headed ogre
  4868 | D:10     | HP: 2/103 [two-headed ogre/+0 giant spiked club (14)]
  4869 | D:10     | Killed a two-headed ogre
  4919 | D:10     | Reached skill level 6 in Dodging
  5277 | D:10     | Found a staircase to the Lair.
  5321 | D:10     | Reached skill level 11 in Axes
  5346 | D:10     | Found a radiant altar of Vehumet.
  5398 | D:10     | Noticed a deep elf pyromancer
  5414 | D:10     | Killed a deep elf pyromancer
  5415 | D:10     | Reached skill level 7 in Invocations
  5456 | D:10     | Noticed an orc knight
  5467 | D:10     | Identified the ring of Demons {rC+ rCorr Int+4 Stlth-}
  5467 | D:10     | Noticed a death knight
  5470 | D:10     | Noticed a boulder beetle
  5478 | D:10     | Killed an orc knight
  5478 | D:10     | Killed a boulder beetle
  5481 | D:10     | Noticed a cyclops
  5483 | D:10     | HP: 4/104 [death knight/+0 great mace (13)]
  5485 | D:10     | Killed a death knight
  5497 | D:10     | Killed a cyclops
  5580 | D:10     | Noticed a brown ugly thing
  5581 | D:10     | Noticed a manticore
  5581 | D:10     | Noticed a white ugly thing
  5582 | D:10     | Noticed an orc knight
  5636 | D:9      | Noticed a cyclops
  5649 | D:9      | Gained mutation: Your natural rate of healing is unusually
                  | fast. [Mayflytaur growth]
  5649 | D:9      | Reached XP level 12. HP: 78/112 MP: 18/18
  5650 | D:9      | Reached skill level 9 in Shields
  5655 | D:9      | Reached skill level 9 in Armour
  5717 | D:9      | Found a blossoming altar of Fedhas.
  5767 | D:9      | Reached skill level 9 in Fighting
  5767 | D:9      | Reached skill level 7 in Dodging
  5932 | D:9      | Reached skill level 12 in Axes
  6098 | Lair:1   | Entered Level 1 of the Lair of Beasts
  6113 | Lair:1   | Reached skill level 8 in Invocations
  6159 | Lair:1   | Found a dark tunnel.
  6165 | Volcano  | Entered a volcano
  6212 | Volcano  | Noticed a hell knight
  6226 | Volcano  | HP: 6/171 [hell knight/bolt of fire (3)]
  6227 | Volcano  | Killed a hell knight
  6310 | Volcano  | Noticed a centaur warrior
  6324 | Volcano  | Killed a centaur warrior
  6743 | Lair:2   | Identified the +3 dagger "Pot Kor" {pain, rF+ Stlth+}
  6769 | Lair:2   | Glimpsed the power of Zot.
  6814 | Lair:2   | Found a staircase to the Shoals.
  7187 | Lair:3   | Reached skill level 13 in Axes
  7187 | Lair:3   | Reached skill level 8 in Dodging
  7191 | Lair:3   | Reached skill level 9 in Invocations
  7273 | Lair:3   | Glimpsed the power of Zot.
  7351 | Lair:3   | Noticed Tousas's ghost (journeyman DDFi)
  7364 | Lair:3   | Found a transporter.
  7369 | Lair:3   | Found a transporter.
  7382 | Lair:3   | Killed Tousas's ghost
  7383 | Lair:3   | Reached skill level 10 in Armour
  7383 | Lair:3   | Reached XP level 13. HP: 123/123 MP: 20/20
  7394 | Lair:3   | Reached skill level 10 in Fighting
  7394 | Lair:3   | Paralysed by a hornet for 3 turns
  7414 | Lair:3   | Got the Guide on Creative Lightness
  7466 | Lair:3   | You are sucked into a shaft and drop 2 floors!
  7795 | Lair:5   | Glimpsed the power of Zot.
  7945 | Lair:6   | Entered Level 6 of the Lair of Beasts
  7963 | Lair:6   | Reached ****** piety under Cheibriados
  8029 | Lair:6   | Reached skill level 14 in Axes
  8048 | Lair:6   | Reached skill level 9 in Dodging
  8058 | Lair:6   | Reached skill level 10 in Invocations
  8417 | Lair:4   | Found a hole to the Spider Nest.
  8453 | Spider:1 | Entered Level 1 of the Spider Nest
  8471 | Spider:1 | Reached skill level 11 in Armour
  8501 | Spider:1 | Noticed a broodmother
  8503 | Spider:1 | Gained mutation: You resist negative energy. (rN+)
                  | [Mayflytaur growth]
  8503 | Spider:1 | Reached XP level 14. HP: 73/133 MP: 16/22
  8506 | Spider:1 | Reached skill level 11 in Fighting
  8513 | Spider:1 | Killed a broodmother
  8515 | Spider:1 | Reached skill level 1 in Evocations
  8608 | Spider:2 | Reached skill level 15 in Axes
  8704 | Spider:2 | Reached skill level 2 in Evocations
  8731 | Spider:2 | Noticed an entropy weaver
  8741 | Spider:2 | Killed an entropy weaver
  8798 | Spider:2 | Gained mutation: Armour fits poorly on your strangely
                  | shaped body. [mutagenic glow]
  8800 | Spider:2 | Reached skill level 10 in Shields
  8811 | Spider:2 | Gained mutation: Potions are less effective at restoring
                  | your health. [mutagenic glow]
  8827 | Spider:3 | Lost mutation: Armour fits poorly on your strangely shaped
                  | body. [potion of mutation]
  8827 | Spider:3 | Lost mutation: Potions are less effective at restoring your
                  | health. [potion of mutation]
  8827 | Spider:3 | Gained mutation: You are strong-willed. (Will+) [potion of
                  | mutation]
  8827 | Spider:3 | Gained mutation: You are frail. (-10% HP) [potion of
                  | mutation]
  8827 | Spider:3 | Gained mutation: You have an increased reservoir of magic.
                  | (+10% MP) [potion of mutation]
  8914 | Spider:3 | Noticed an entropy weaver
  8925 | Spider:3 | Killed an entropy weaver
  8926 | Spider:3 | Reached skill level 10 in Dodging
  8926 | Spider:3 | Reached skill level 11 in Invocations
  8965 | Spider:4 | Entered Level 4 of the Spider Nest
  8976 | Spider:4 | Reached skill level 3 in Evocations
  9106 | Spider:4 | Noticed Arachne
  9108 | Spider:4 | Mangled by Arachne

Illustrated notes

Levels and vault maps discovered:
D:1:      onia_arrival_mini_maze_b, layout_basic,
          dreamdust_ecumenical_altar_grove
D:2:      minmay_chambers_of_twos, layout_rooms
D:3:      layout_rooms, jmf_multi_god_temple2, amethyst_overflow_temple_binary,
          uniq_natasha
D:4:      layout_layer_cave, lemuel_doored_altar,
          minmay_temple_entry_nine_rooms, st_stairs_2
D:5:      layout_loops_ring, cheibrodos_sewer_entry_drain
D:6:      layout_loops_ring, makhleb_blood_cavern_becter
D:7:      layout_basic, okawaru_altar_gauntlet_db, marbit_many_paths,
          nicolae_elyvilon_peaceful_grove, zin_scriptorium, uniq_prince_ribbit1
D:8:      layout_basic, gup_ossuary_entry_pyramid
D:9:      layout_small_grid, fedhas_altar_1
D:10:     hangedman_cross_cluster, layout_irregular_city, fiery_altar_vehumet
D:11:     layout_cave_pods, zombieorc2_lemuel
D:12:     layout_roguey [special_room_bee],
          portal_ice_cave_entry_animals_and_master, uniq_fannar
Temple:   jpeg_temple_alley_garden
Lair:1:   layout_regular_city, nicolae_volcano_entry_hallway
Lair:2:   layout_long_grid, minmay_shoals_entry_beasts,
          infiniplex_staircase_pool, grunt_megastairs_1
Lair:3:   layout_layer_cave, gammafunk_ghost_hive
Lair:4:   layout_cave_pods, spider_nest_entry_funnel_web, lemuel_fruit_tree,
          lemuel_fruit_fields, serial_bayou_shore_a, uniq_josephine
Lair:5:   layout_cave_pods, lemuel_fruit_fields, lemuel_fruit_fields,
          infiniplex_staircase_pool_2
Lair:6:   hangedman_lair_tendril_chambers, layout_regular_city,
          hangedman_lair_caniforms_friends, slime_dummy, serial_rivers,
          chequers_serial_rivers_micro_e, chequers_serial_rivers_micro_c,
          chequers_serial_rivers_micro_c, chequers_serial_rivers_room_a,
          chequers_serial_rivers_large_a, uniq_urug, uniq_snorg
Spider:1: nicolae_spider_jumping_over_cracks [nicolae_spider_jumping_sub_lake,
          nicolae_spider_jumping_sub_offset, nicolae_spider_jumping_sub_offset,
          nicolae_spider_jumping_sub_rim], nicolae_spider_swamp_cousins
Spider:2: layout_spider_delve, nicolae_spider_circle_web
Spider:3: layout_spider_delve, nicolae_spider_twisty_arc_passages, uniq_louise,
          uniq_azrael
Spider:4: johnstein_spider_rune_arachne_lair, uniq_arachne

Skill      XL: |  1  2  3  4  5  6  7  8  9 10 11 12 13 14 |
---------------+-------------------------------------------+-----
Axes           | 3 4 5 6 7 9 10 11 13 14 15 | 15.5
Fighting       | 4 5 6 7 8 9 10 11 | 11.5
Armour         | 4 5 6 7 8 10 11 | 11.6
Shields        | 4 5 6 7 8 9 10 | 10.2
Invocations    | 2 5 6 7 9 10 11 | 11.2
Dodging        | 2 4 5 6 8 9 10 | 10.2
Evocations     | 3 |  3.4

Action                   |  1- 3 |  4- 6 |  7- 9 | 10-12 | 13-15 || total
-------------------------+-------+-------+-------+-------+-------++-------
Melee: War axe           |    85 |    79 |   281 |   274 |       ||   719
       Battleaxe         |       |       |       |   106 |    57 ||   163
       Broad axe         |       |       |       |       |   376 ||   376
Invok: Slouch            |       |       |       |     4 |    10 ||    14
Evoke: Wand              |       |       |       |     6 |    35 ||    41
  Use: Scroll            |       |       |    10 |     9 |     4 ||    23
       Potion            |       |       |       |     5 |     2 ||     7
 Stab: Paralysed         |       |       |       |     5 |       ||     5
Armor: Scale mail        |    22 |       |       |       |       ||    22
       Chain mail        |    43 |    48 |    51 |    42 |    63 ||   247
       Plate armour      |       |       |   134 |    83 |   224 ||   441
       Troll leather arm |       |       |       |    11 |       ||    11
Dodge: Dodged            |    36 |    21 |    76 |   328 |   440 ||   901
Block: Buckler           |    25 |    22 |    78 |   143 |       ||   268
       Kite shield       |       |       |       |       |   422 ||   422

Table legend: (Time is in decaauts)
 A = Elapsed time spent in this place.
 B = Non-inter-level travel time spent in this place.
 C = Inter-level travel time spent in this place.
 D = Time resting spent in this place.
 E = Time spent auto-exploring this place.
 F = Levels seen in this place.
 G = Mean time per level.
                   A        B        C        D        E       F      G
               +--------+--------+--------+--------+--------+-----+--------+
         Total |  13049 |  12480 |    569 |    597 |   7623 |  26 |  501.9 |
       Dungeon |   7674 |   7266 |    408 |    409 |   5034 |  12 |  639.5 |
        Temple |     86 |     46 |     40 |      0 |     29 |   1 |   86.0 |
          Lair |   3709 |   3591 |    118 |      0 |   2143 |   6 |  618.2 |
   Spider Nest |    871 |    870 |      1 |    188 |     90 |   4 |  217.8 |
         Sewer |    175 |    175 |      0 |      0 |     88 |   1 |  175.0 |
       Ossuary |    178 |    178 |      0 |      0 |     92 |   1 |  178.0 |
       Volcano |    354 |    354 |      0 |      0 |    146 |   1 |  354.0 |
               +--------+--------+--------+--------+--------+-----+--------+

Top non-repeatable levels by time:
     D:4: 1127 daAuts
     D:8: 1113 daAuts
  Lair:3: 1018 daAuts
    D:10: 1016 daAuts
     D:9: 993 daAuts
     D:7: 965 daAuts
  Lair:5: 885 daAuts
     D:6: 813 daAuts
     D:5: 794 daAuts
  Lair:2: 673 daAuts
  Lair:6: 487 daAuts
Spider:2: 389 daAuts
  Lair:1: 354 daAuts
 Volcano: 354 daAuts
Spider:3: 291 daAuts
